 Dungeon Crawl Stone Soup version 0.19-a0-1107-gc676ff4 (webtiles) character file.

53435 JustSomeDude the Cleaver (level 14, -6/169 HPs)
             Began as a Demonspawn Fighter on Aug 9, 2016.
             Mangled by an orc warrior
             ... wielding a +0 halberd
              (12 damage)
             ... on level 2 of the Orcish Mines.
             The game lasted 01:11:46 (11921 turns).

JustSomeDude the Cleaver (Demonspawn Fighter)      Turns: 11921, Time: 01:11:48

Health: -6/169     AC: 27    Str: 26    XL:     14   Next: 30%
Magic:  15/15      EV:  2    Int: 11    God:
Gold:   1285       SH: 10    Dex: 18    Spells: 0 memorised, 13 levels left

rFire  + . .     SeeInvis .     K - +8 mithril axe "Arga" {speed, MR+}
rCold  + . .     Gourm    .     (armour currently unavailable)
rNeg   + + +     Faith    .     F - +1 buckler of Pesivax {rN++ Regen+}
rPois  +         Spirit   .     (helmet currently unavailable)
rElec  +         Dismiss  .     (cloak currently unavailable)
rCorr  +         Reflect  +     (gloves currently unavailable)
SustAt .         Harm     .     (boots unavailable)
MR     +++..     NoTele   +     k - +2 amulet of reflection
Stlth  ++++......               D - +3 ring of intelligence
                                g - ring of protection from magic

@: mighty, agile, exhausted, tree-form, silence, resistant, very slightly
contaminated, hasted and slowed, studying Staves
A: (hooves 0), (slimy green scales 0), (camouflage 0), dopey 1, (fire resistance
0), foul stench 1, negative energy resistance 1, powered by pain 1, regeneration
1, rot immunity
a: no special abilities


You were on level 2 of the Orcish Mines.
You were not hungry.
You were a tree.
You visited 5 branches of the dungeon, and saw 21 of its levels.
You also visited: Labyrinth, Bailey and Volcano.

You collected 1285 gold pieces.

Inventory:

Hand Weapons
 l - the +8 whip "Snakebite" {curare, rPois}
   (You found it on level 5 of the Lair of Beasts)

   It poisons the flesh of those it strikes.
   It protects you from poison.
 K - the +8 mithril axe "Arga" (weapon) {speed, MR+}
   (You found it on level 7 of the Dungeon)

   Attacks with this weapon are significantly faster.
   It affects your resistance to hostile enchantments.
Missiles
 O - 20 tomahawks of returning (quivered)
Armour
 c - a +1 cloak of invisibility (melded)
 z - a +4 chain mail of fire resistance (melded)
 B - a +0 helmet of see invisible (melded)
 F - the +1 buckler of Pesivax (worn) {rN++ Regen+}
   (You found it on level 4 of the Dungeon)

   It greatly protects you from negative energy.
   It increases your rate of regeneration.
 I - a +0 pair of gloves (melded)
 N - the +0 helmet "Qiatakh" {+Fly rC- Dex+4}
   (You found it in a labyrinth)

   It affects your dexterity (+4).
   It makes you vulnerable to cold.
   It lets you fly.
Rods
 d - a +6 rod of ignition (9/9)
   (You took it off a minotaur in a labyrinth)
Jewellery
 g - a ring of protection from magic (left branch)
 k - a +2 amulet of reflection (around neck)
 C - an uncursed ring of ice
 D - a +3 ring of intelligence (right branch)
 P - an uncursed ring of fire
 U - an uncursed ring of stealth
Wands
 a - a wand of digging (14/24)
 h - a wand of lightning (7/15)
 u - a wand of iceblast (15/15)
 Q - a wand of teleportation (4/9)
 T - a wand of enslavement (17/24)
 V - a wand of slowing (29/48)
 Y - a wand of flame (27/48)
Scrolls
 n - 5 scrolls of enchant weapon
 r - 3 scrolls of teleportation
 s - 7 scrolls of identify
 v - 6 scrolls of remove curse
 y - 2 scrolls of noise
 J - 4 scrolls of enchant armour
 M - a scroll of recharging
 Z - a scroll of vulnerability {unknown}
Potions
 e - a potion of agility
 o - a potion of haste
 p - a potion of lignification
 t - 2 potions of cancellation
 x - 5 potions of brilliance
 A - a potion of ambrosia
 E - 2 potions of magic
 G - 3 potions of resistance
Books
 i - a book of Party Tricks

   Spells                             Type                      Level
   a - Summon Butterflies             Summoning                    1
   b - Apportation                    Translocation                1
   c - Tukima's Dance                 Hexes                        3
   d - Alistair's Intoxication        Transmutation/Poison         5
   e - Invisibility                   Hexes                        6
 j - a book of Fire

   Spells                             Type                      Level
   a - Ignite Poison                  Fire/Transmutation/Poison    3
   b - Fireball                       Conjuration/Fire             5
   c - Bolt of Fire                   Conjuration/Fire             6
   d - Delayed Fireball               Conjuration/Fire             7
   e - Ring of Flames                 Charms/Fire                  7
 W - a manual of Staves
Miscellaneous
 R - a phial of floods (inert)
Comestibles
 b - 20 fruits
 f - 13 bread rations
 q - 3 meat rations
 w - 12 beef jerkies


   Skills:
 + Level 11.1 Fighting
 + Level 11.3(11.9) Axes
 * Level 6.0(9.5) Maces & Flails
 + Level 4.0 Throwing
 + Level 8.4 Armour
 + Level 8.0 Dodging
 + Level 4.4 Stealth
 + Level 8.7 Shields
 + Level 2.0 Evocations


You had 13 spell levels left.
You didn't know any spells.

Dungeon Overview and Level Annotations

Branches:
Dungeon (11/15)            Temple (1/1) D:4            Lair (6/6) D:9
  Swamp (0/4) Lair:2        Snake (0/4) Lair:2        Slime (1/5) Lair:6
    Orc (2/2) D:11
    Elf: Orc:2

Altars:
Ashenzari
Cheibriados
Dithmenos
Elyvilon
Fedhas
Gozag
Hepliaklqana
Kikubaaqudgha
Makhleb
Nemelex Xobeh
Okawaru
Pakellas
Qazlal
Ru
Sif Muna
Trog
Uskayaw
Vehumet
Xom
Yredelemnul
Zin
The Shining One
Beogh

Portals:
Trove: D:11 (give 12 potions of heal wounds)

Annotations:
Lair:6 Sagrath01's ghost, journeyman KoBe


Innate Abilities, Weirdness & Mutations

((You have hooves in place of feet.))
((You are mostly covered in slimy green scales. (AC +3)))
You may emit foul miasma when damaged in melee.
You resist negative energy. (rN+)
You sometimes gain a little power by taking damage.
You are immune to rotting.
((Your skin changes colour to match your surroundings (Stealth+).))
You are dopey. (Int -2)
((Your flesh is heat resistant. (rF+)))
Your natural rate of healing is unusually fast.


Message History

You focus on the pain.
You feel very mighty all of a sudden.
An orc and an orc priest come into view.
Evoke which item? (* to show all) (? for menu, Esc to quit)
Aim the phial where?
Press: ? - help, Shift-Dir - straight line, f - orc high priest
Aim: an orc high priest, wielding a short sword (silenced, severely wounded, sick)
The flood of elemental water misses the orc high priest.
The wave splashes down.
You fall into the shallow water.
Moving in this stuff is going to be slow.
The water rises up and takes form.
You block the sixfirhy's attack. x2
The red devil hits you but does no damage.
The ettin hits you with a great mace!
* * * LOW HITPOINT WARNING * * *
The ettin looks sick.
The ettin hits you with a dire flail.
* * * LOW HITPOINT WARNING * * *
You block the ogre's attack.
The orc high priest hits you but does no damage.
The orc warrior hits you with a halberd!
You die...

#.# .# ##..# .###
###.... ....#
....... .....
.......#### ..$...
..........##......
#....4...))†......
......CEOo§§.#
....#.#♣4)§§.#
....#.#oooo..##§
......4oh.o......
....oo.≈##.o....
..oo....# .oo....
#......## ......#
.oo....# ..oo...
o....... .....
.......


You could see an orc knight, an ettin, 2 orc high priests, an orange demon, a
sixfirhy, a warg, a red devil, 4 orc warriors, an ogre, 4 orc priests, 6 orcs
and a friendly water elemental.

Vanquished Creatures
  An orc warlord (Bailey)
  Azrael (Orc:2)
  A minotaur (Lab)
  Erolcha (Orc:2)
  4 hydras
  A swamp dragon (Lair:2)
  Pikel (D:4)
  An orc knight (Orc:1)
  2 hill giants (D:10)
  2 orc sorcerers (Orc:2)
  5 ugly things
  A griffon (Lair:6)
  A torpor snail (Lair:5)
  12 black mambas
  A gargoyle (Volcano)
  4 spiny frogs
  A rime drake (Lair:5)
  4 komodo dragons
  An efreet (Volcano)
  2 trolls
  A polar bear (Lair:5)
  A boulder beetle (Lair:6)
  A wraith (D:10)
  18 yaks
  2 wyverns
  2 basilisks (Lair:3)
  6 fire elementals
  3 hippogriffs
  7 wargs
  3 hell hounds (Orc:2)
  4 porcupines
  13 water moccasins
  Duvessa (D:4)
  4 slaves (D:4)
  4 ice beasts
  2 black bears
  5 orc warriors
  5 ogres
  16 wolves
  3 centaurs
  5 crocodiles
  2 big kobolds
  Blork the orc (D:4)
  6 giant frogs
  An earth elemental (Volcano)
  Dowan (D:4)
  A wyvern zombie (D:7)
  3 scorpions
  A howler monkey (D:4)
  2 crimson imps
  5 hounds
  A quasit (D:10)
  A giant frog skeleton (D:5)
  A jelly (D:9)
  9 orc priests
  15 orc wizards
  15 iguanas
  4 worker ants
  A hound zombie (D:6)
  A hound skeleton (D:7)
  6 gnolls
  A howler monkey skeleton (D:10)
  13 adders
  12 river rats
  A shadow imp (D:7)
  2 white imps
  3 oozes
  5 adder skeletons
  6 giant geckos
  42 orcs
  2 ball pythons
  6 bats
  7 giant cockroaches
  2 goblins
  7 hobgoblins
  5 jackals (D:1)
  A quokka (D:8)
  A ball python skeleton (D:4)
  A giant gecko skeleton (D:6)
  3 giant newts
  21 kobolds
  4 rats
  A butterfly (Lair:2)
  2 fungi
  2 plants (Lair:5)
380 creatures vanquished.

Vanquished Creatures (others)
  Sonja (Lair:2)
  A two-headed ogre (Orc:2)
  A porcupine (Lair:2)
  An orc warrior (Orc:2)
  A human (D:2)
  A centaur (D:10)
  A giant frog (Lair:2)
  An orc wizard (Orc:2)
  An orc (Orc:2)
  5 kobolds
  A fire vortex (Volcano)
  4 fungi
  A plant (Lair:3)
20 creatures vanquished.

Grand Total: 400 creatures vanquished

Notes
Turn   | Place    | Note
-------+----------+-------------------------------------------
     0 | D:1      | JustSomeDude the Demonspawn Fighter began the quest for the Orb.
     0 | D:1      | Reached XP level 1. HP: 18/18 MP: 1/1
   196 | D:1      | Gained mutation: You have large cloven feet. [demonic ancestry]
   196 | D:1      | Reached XP level 2. HP: 24/24 MP: 2/2
   658 | D:1      | Gained mutation: You are partially covered in slimy green scales. (AC +2) [demonic ancestry]
   658 | D:1      | Reached XP level 3. HP: 29/29 MP: 3/3
   913 | D:2      | Found a shadowy altar of Dithmenos.
  1077 | D:2      | Gained mutation: You are mostly covered in slimy green scales. (AC +3) [demonic ancestry]
  1077 | D:2      | Reached XP level 4. HP: 32/35 MP: 4/4
  1116 | D:2      | Found a deep blue altar of Sif Muna.
  1180 | D:2      | Found a stormy altar of Qazlal.
  1180 | D:2      | Found a sacrificial altar of Ru.
  1227 | D:2      | Found an ancient bone altar of Kikubaaqudgha.
  1227 | D:2      | Noticed a human
  1231 | D:2      | Killed a human
  1242 | D:2      | Reached skill level 1 in Dodging
  1470 | D:3      | Found a radiant altar of Vehumet.
  1527 | D:3      | Found a bloodstained altar of Trog.
  1762 | D:4      | Noticed an ogre
  1769 | D:4      | Killed an ogre
  1769 | D:4      | Gained mutation: You are immune to rotting. [demonic ancestry]
  1769 | D:4      | Reached XP level 5. HP: 20/41 MP: 5/5
  1889 | D:4      | Noticed Duvessa
  1895 | D:4      | Noticed Dowan
  1904 | D:4      | Killed Duvessa
  1904 | D:4      | Reached XP level 6. HP: 42/48 MP: 6/6
  1911 | D:4      | Noticed a slave
  1912 | D:4      | Noticed a slave
  1912 | D:4      | Noticed a slave
  1912 | D:4      | Noticed Pikel
  1915 | D:4      | Noticed a slave
  1922 | D:4      | Killed Dowan
  1931 | D:4      | Killed Pikel
  1931 | D:4      | Gained mutation: You sometimes gain a little power by taking damage. [demonic ancestry]
  1931 | D:4      | Reached XP level 7. HP: 47/55 MP: 7/7
  1937 | D:4      | Noticed Blork the orc
  1947 | D:4      | Killed Blork the orc
  1947 | D:4      | Reached skill level 5 in Fighting
  2040 | D:4      | Found a staircase to the Ecumenical Temple.
  2079 | D:4      | Got a transparent buckler
  2090 | D:4      | Identified the +1 buckler of Pesivax {rN++ Regen+} (You found it on level 4 of the Dungeon)
  2106 | Temple   | Entered the Ecumenical Temple
  2422 | D:4      | Reached skill level 5 in Axes
  2426 | D:4      | Reached XP level 8. HP: 59/62 MP: 8/8
  2786 | D:5      | Entered Level 5 of the Dungeon
  2868 | D:5      | Reached skill level 1 in Stealth
  3544 | D:6      | Found a basalt altar of Yredelemnul.
  3590 | D:6      | Found a burning altar of Makhleb.
  4043 | D:7      | Found a white marble altar of Elyvilon.
  4074 | D:7      | Found a flagged portal.
  4086 | Bailey   | Entered a bailey
  4091 | Bailey   | Noticed an orc warlord
  4194 | Bailey   | Found a runed gate.
  4196 | Bailey   | Found a runed gate.
  4197 | Bailey   | Found a runed gate.
  4349 | Bailey   | Killed an orc warlord
  4349 | Bailey   | Reached skill level 1 in Throwing
  4349 | Bailey   | Reached skill level 5 in Armour
  4349 | Bailey   | Reached skill level 5 in Shields
  4349 | Bailey   | Reached XP level 9. HP: 39/70 MP: 9/9
  4777 | D:7      | Found a white marble altar of Elyvilon.
  5186 | D:8      | Found a shattered altar of Ashenzari.
  5379 | D:8      | Reached XP level 10. HP: 77/77 MP: 10/10
  5439 | D:8      | Found a hide-covered altar of Uskayaw.
  5457 | D:8      | Found a snail-covered altar of Cheibriados.
  5457 | D:8      | Found a shattered altar of Ashenzari.
  5458 | D:8      | Found an iron altar of Okawaru.
  6217 | D:9      | Found a staircase to the Lair.
  6249 | Lair:1   | Entered Level 1 of the Lair of Beasts
  6340 | Lair:1   | Noticed a spiny frog
  6350 | Lair:1   | Reached skill level 5 in Dodging
  6360 | Lair:1   | Killed a spiny frog
  6474 | Lair:2   | Found a staircase to the Snake Pit.
  6507 | Lair:2   | Noticed a spiny frog
  6524 | Lair:2   | Killed a spiny frog
  6595 | Lair:2   | Noticed Sonja
  6599 | Lair:2   | Noticed a black mamba
  6606 | Lair:2   | Noticed a swamp dragon
  6619 | Lair:3   | Noticed an eight-headed hydra
  6645 | Lair:3   | Found a dark tunnel.
  6656 | Lair:3   | Noticed a six-headed hydra
  6668 | Volcano  | Entered a volcano
  6714 | Volcano  | Noticed a gargoyle
  6714 | Volcano  | Noticed a red ugly thing
  6719 | Volcano  | Killed a green ugly thing
  6722 | Volcano  | Killed a gargoyle
  6801 | Volcano  | Noticed a red ugly thing
  6809 | Volcano  | Killed a brown ugly thing
  6817 | Volcano  | Gained mutation: You may emit foul miasma when damaged in melee. [demonic ancestry]
  6817 | Volcano  | Reached XP level 11. HP: 41/86 MP: 11/11
  6961 | Lair:3   | Killed a six-headed hydra
  7162 | Lair:3   | Killed a nine-headed hydra
  7351 | Lair:4   | Found a labyrinth entrance.
  7367 | Lab      | Entered a labyrinth
  7660 | Lab      | Noticed a minotaur
  7671 | Lab      | Killed a minotaur
  7710 | Lab      | Got a transparent helmet
  7726 | Lab      | Identified the +0 helmet "Qiatakh" {+Fly rC- Dex+4} (You found it in a labyrinth)
  8059 | Lair:6   | Entered Level 6 of the Lair of Beasts
  8059 | Lair:6   | Noticed a four-headed hydra
  8085 | Lair:5   | Killed a seven-headed hydra
  8187 | Lair:6   | Noticed Sagrath01's ghost (journeyman KoBe)
  8359 | Lair:5   | Reached skill level 10 in Axes
  8384 | Lair:5   | Gained mutation: You have hoof-like feet. [demonic ancestry]
  8384 | Lair:5   | Reached XP level 12. HP: 8/97 MP: 12/12
  8390 | Lair:5   | HP: 4/97 [poisoned by a black mamba]
  8881 | Lair:2   | Reached skill level 1 in Maces & Flails
  8881 | Lair:2   | Killed Sonja
  8985 | Lair:2   | Found a staircase to the Swamp.
  9071 | Lair:2   | Reached skill level 10 in Fighting
  9541 | Lair:5   | Noticed an eight-headed hydra
  9554 | Lair:5   | Killed an eight-headed hydra
  9979 | Lair:6   | Found a staircase to the Slime Pits.
 10007 | Slime:1  | Entered Level 1 of the Pits of Slime
 10007 | Slime:1  | Noticed an acid blob
 10048 | Lair:6   | Noticed an ice dragon
 10257 | D:9      | Gained mutation: Your magical capacity is low. (-10% MP) [mutagenic meat]
 10260 | D:9      | Gained mutation: You are dopey. (Int -2) [mutagenic meat]
 10263 | D:9      | Gained mutation: Your flesh is heat resistant. (rF+) [mutagenic meat]
 10605 | D:10     | Entered Level 10 of the Dungeon
 11018 | D:10     | Gained mutation: You expend magic power (3 MP) to strengthen your wands. [potion of mutation]
 11018 | D:10     | Gained mutation: You are very dopey. (Int -4) [potion of mutation]
 11018 | D:10     | Gained mutation: Your natural rate of healing is unusually fast. [potion of mutation]
 11019 | D:10     | Gained mutation: Your skin changes colour to match your surroundings (Stealth+). [potion of mutation]
 11019 | D:10     | Gained mutation: You occasionally shout uncontrollably at your foes. [potion of mutation]
 11020 | D:10     | Lost mutation: You are very dopey. (Int -4) [potion of cure mutation]
 11020 | D:10     | Lost mutation: You occasionally shout uncontrollably at your foes. [potion of cure mutation]
 11020 | D:10     | Lost mutation: Your magical capacity is low. (-10% MP) [potion of cure mutation]
 11020 | D:10     | Lost mutation: You expend magic power (3 MP) to strengthen your wands. [potion of cure mutation]
 11185 | D:10     | Gained mutation: You have hooves in place of feet. [demonic ancestry]
 11185 | D:10     | Reached XP level 13. HP: 91/104 MP: 13/13
 11385 | D:11     | Found a portal to a secret trove of treasure.
 11434 | D:11     | Found a staircase to the Orcish Mines.
 11621 | Orc:1    | Entered Level 1 of the Orcish Mines
 11622 | Orc:1    | Found a roughly hewn altar of Beogh.
 11859 | Orc:2    | Entered Level 2 of the Orcish Mines
 11863 | Orc:2    | Noticed Azrael
 11879 | Orc:2    | Noticed Erolcha
 11889 | Orc:2    | Reached skill level 5 in Maces & Flails
 11889 | Orc:2    | Gained mutation: You resist negative energy. (rN+) [demonic ancestry]
 11889 | Orc:2    | Reached XP level 14. HP: 41/113 MP: 13/15
 11894 | Orc:2    | Killed Azrael
 11900 | Orc:2    | Killed Erolcha
 11921 | Orc:2    | HP: 6/169 [ettin/great mace (5)]
 11921 | Orc:2    | Mangled by an orc warrior

Vault maps used:
D:1:      scummos_arrival_checkerplants, corexii_leaking_fountain
D:2:      grunt_temple_overflow_open, grunt_dithmenos_smoke, tgw_kikubaaqudgha
D:3:      lemuel_crystal_altar, trog_book
D:4:      uniq_pikel, uniq_duvessa, uniq_blork_the_orc
D:5:      first_bread
D:6:      lemuel_crystal_altar, bloody_makhleb
D:7:      overflow_temple_1_default, enter_bailey_2, elyvilon_altar_1
D:8:      minitemple, grunt_ogre_cave, nicolae_ashenzari_panopticon
D:9:      lair_0_dummy, minmay_misc_feat_diagonals
D:10:     abandoned_shop, grunt_ministairs_2, lightli_fourway_metalbox
D:11:     orc_0_dummy, enter_trove_1
Temple:   minmay_temple_curvy_loop
Lair:1:   beast_lair_carwin_3, grunt_megastairs_3
Lair:2:   swamp_mist_pool, dummy_snake_entry, lemuel_fruit_fields,
          grunt_megastairs_5, uniq_sonja
Lair:3:   nicolae_volcano_entry_lava_flow
Lair:4:   lab_entry_generic, lemuel_fruit_fields
Lair:5:   minmay_guarded_unrand_snakebite
Lair:6:   minmay_lair_end_enchanted_forest, slime_dummy, bobbens_ice_dragon_lair
Orc:1:    basic_altar, mines2_lemuel
Orc:2:    st_orc_town, basic_altar, uniq_azrael, uniq_erolcha
Lab:      labyrinth_spiral, lab_fountain
Bailey:   bailey_axe_bossmonster_kennysheep, bailey
Volcano:  volcano_pools

Skill      XL: |  1  2  3  4  5  6  7  8  9 10 11 12 13 14 |
---------------+-------------------------------------------+-----
Armour         | 3 4 5 6 7 8 |  8.4
Shields        | 3 4 5 6 7 8 |  8.7
Axes           | 2 3 4 5 6 7 9 10 11 | 11.3
Dodging        | 1 3 4 5 6 7 8 |  8.0
Fighting       | 4 5 6 8 9 10 11 | 11.1
Stealth        | 2 3 4 |  4.4
Throwing       | 1 2 3 4 |  4.0
Maces & Flails | 4 5 6 |  6.0
Evocations     | 2 |  2.0

Action                   |  1- 3 |  4- 6 |  7- 9 | 10-12 | 13-15 || total
-------------------------+-------+-------+-------+-------+-------++-------
Melee: War axe           |   110 |    67 |   140 |       |       ||   317
       Kick              |    11 |    18 |    69 |   166 |    44 ||   308
       Broad axe         |       |       |   106 |   492 |   102 ||   700
       Whip              |       |       |       |   134 |       ||   134
Throw: Tomahawk          |       |       |    11 |    38 |       ||    49
Evoke: Wand              |       |       |       |     1 |       ||     1
       Phial of floods   |       |       |       |       |     1 ||     1
  Use: Potion            |       |     3 |     3 |    12 |     7 ||    25
       Scroll            |       |       |     6 |    28 |     2 ||    36
 Stab: Distracted        |       |       |     2 |       |       ||     2
       Sleeping          |       |       |     3 |     1 |       ||     4
  Eat: Chunk             |       |     2 |     4 |     8 |       ||    14
       Beef jerky        |       |     1 |       |       |       ||     1
       Meat ration       |       |       |     1 |     3 |       ||     4
       Royal jelly       |       |       |     1 |     1 |       ||     2
       Pizza             |       |       |       |     1 |       ||     1
Armor: Scale mail        |    69 |    19 |    27 |       |       ||   115
       Ring mail         |       |       |    68 |    45 |       ||   113
       Chain mail        |       |       |       |   241 |    56 ||   297
       Leather armour    |       |       |       |     1 |       ||     1
       Skin              |       |       |       |       |     9 ||     9
Dodge: Dodged            |    41 |    37 |   105 |   290 |    66 ||   539
Block: Shield            |    61 |    31 |    21 |       |       ||   113
       Buckler           |       |       |    73 |   254 |    80 ||   407
       Reflection        |       |       |    10 |    11 |     2 ||    23
